AoeStats
← 文風

Arena

509878394Analyzed
4v4 RM · 3d ago on Sep 28, 2026· 42m 4s· 8 players
Game mode
Random Map
Map size
Large (8 player)
Population
200
Speed
Normal
Resources
Standard
Victory
Conquest
Starting age
Dark Age
Ending age
Imperial Age
RankedLock teamsTeams togetherTeam positionsShared explorationLock speedFull tech treeHidden civsTurbo modeCheats
Victory
Defeat
🇭🇰 Poles · Hong Kong SAR China
1494
+15
🇭🇰 Spanish · Hong Kong SAR China
1475
+16
🇭🇰 Turks · Hong Kong SAR China
1475
+16
🇭🇰 Cumans · Hong Kong SAR China
1433
+17
🇭🇰 Portuguese · Hong Kong SAR China
1505
-17
🇨🇳 Vikings · China
1497
-17
🇨🇦 Italians · Canada
1487
-18
🇮🇳 Persians · India
1380
-12
文風
10:34 Feudal Age
11:40 Double-Bit Axe
14:06 Castle Age
14:56 Bow Saw
14:29 Horse Collar
23:00 Wheelbarrow
23:35 Heavy Plow
24:31 Gold Mining
30:10 Imperial Age
28:01 Squires
27:21 Pikeman
28:24 Gambesons
28:00 Man-at-Arms
29:34 Scale Mail Armor
29:44 Forging
29:08 Long Swordsman
30:37 Two-Handed Swordsman
31:43 Conscription
30:53 Halberdier
32:19 Chain Mail Armor
32:39 Iron Casting
31:59 Champion
37:14 Plate Mail Armor
37:19 Iron Casting
41:28 Blast Furnace
LinG寶寶
12:06 Feudal Age
13:37 Wheelbarrow
13:01 Double-Bit Axe
16:28 Castle Age
14:23 Horse Collar
17:21 Bow Saw
22:56 Szlachta Privileges
23:16 Scale Barding Armor
23:23 Bloodlines
24:10 Gold Mining
25:20 Chain Barding Armor
26:23 Hand Cart
26:41 Forging
26:41 Husbandry
28:46 Iron Casting
29:53 Light Cavalry
33:53 Imperial Age
31:09 Loom
31:09 Town Watch
34:05 Heavy Plow
34:06 Cavalier
36:01 Conscription
38:11 Blast Furnace
37:47 Crop Rotation
38:58 Town Patrol
專業送分員
8:30 Feudal Age
9:13 Double-Bit Axe
11:25 Horse Collar
16:25 Wheelbarrow
22:06 Castle Age
20:06 Gold Mining
23:36 Hand Cart
23:39 Scale Barding Armor
23:45 Forging
23:49 Bloodlines
26:26 Imperial Age
26:42 Imperial Age
25:32 Chain Barding Armor
27:01 Cavalier
29:42 Plate Barding Armor
30:39 Iron Casting
32:55 Blast Furnace
34:02 Paladin
屌炸天
10:09 Feudal Age
14:34 Castle Age
13:03 Double-Bit Axe
13:37 Horse Collar
21:59 Imperial Age
20:29 Bow Saw
27:00 Padded Archer Armor
Ranchy
10:39 Feudal Age
14:17 Castle Age
12:45 Double-Bit Axe
13:36 Stone Mining
15:11 Bow Saw
15:19 Loom
16:17 Town Watch
16:58 Horse Collar
22:40 Wheelbarrow
27:28 Imperial Age
25:04 Gold Mining
25:57 Hand Cart
25:48 Heavy Plow
26:07 Fletching
26:51 Bodkin Arrow
26:22 Elite Skirmisher
27:35 Padded Archer Armor
28:18 Ballistics
28:15 Scale Mail Armor
28:38 Bracer
29:54 Leather Archer Armor
30:42 Chemistry
30:27 Conscription
32:01 Ring Archer Armor
32:47 Masonry
33:33 Scale Barding Armor
33:38 Forging
34:10 Thumb Ring
40:05 Chain Barding Armor
40:41 Stone Shaft Mining
40:22 Pirotechnia
39:59 Light Cavalry
39:59 Cavalier
40:50 Bloodlines
40:40 Husbandry
41:33 Bloodlines
Tee
13:48 Feudal Age
14:42 Double-Bit Axe
14:37 Horse Collar
18:41 Castle Age
17:25 Wheelbarrow
19:26 Bow Saw
19:18 Heavy Plow
20:01 Loom
20:58 Hand Cart
26:39 Stone Mining
26:43 Gold Mining
30:40 Imperial Age
28:54 Forging
28:50 Scale Barding Armor
30:10 Husbandry
30:20 Bloodlines
30:19 Elite War Elephant
31:58 Iron Casting
31:44 Chain Barding Armor
33:36 Blast Furnace
我是你巴巴
10:10 Feudal Age
13:46 Castle Age
12:00 Horse Collar
13:10 Double-Bit Axe
21:12 Bow Saw
21:06 Loom
21:56 Heavy Plow
22:26 Gold Mining
25:38 Town Watch
28:28 Imperial Age
26:04 Scale Mail Armor
26:15 Forging
26:22 Squires
26:07 Arson
26:56 Chieftains
27:15 Chain Mail Armor
29:48 Plate Mail Armor
29:53 Iron Casting
29:42 Conscription
28:46 Capped Ram
29:36 Elite Varangian Guard
32:16 Blast Furnace
32:27 Man-at-Arms
32:52 Elite Berserk
34:53 Crop Rotation
113152737
9:24 Feudal Age
14:07 Castle Age
12:45 Double-Bit Axe
15:56 Bow Saw
23:16 Sanctity
23:51 Loom
26:33 Horse Collar
36:47 Imperial Age
37:12 Wheelbarrow
37:49 Fletching
38:19 Crossbowman
38:56 Bodkin Arrow
40:03 Two-Man Saw
40:03 Hand Cart
39:45 Arbalester
Connection lost

Rejoining the realm…

Still unreachable

The connection could not be restored.

Session expired

The server has moved on; the page needs a fresh start.